 Dungeon Crawl Stone Soup version 0.26-a0-1147-g3780a7a11b (webtiles) character file.

Game seed: 322897658198701623

1100 mhtbhm the Cleaver (level 8, 67/67 HPs)
             Began as a Minotaur Fighter on Dec 22, 2020.
             Was a Believer of Jiyva.
             Quit the game on level 3 of the Dungeon.
             The game lasted 00:06:28 (4810 turns).

mhtbhm the Cleaver (Minotaur Fighter)               Turns: 4810, Time: 00:06:29

Health: 67/67      AC:  7    Str: 22    XL:     8   Next: 10%
Magic:  7/7        EV:  6    Int:  5    God:    Jiyva [**....]
Gold:   275        SH: 15    Dex: 11    Spells: 7/7 levels left

rFire    . . .     SeeInvis .   a - +1 war axe
rCold    . . .     Faith    .   c - +0 tower shield
rNeg     . . .     Spirit   .   b - +0 scale mail
rPois    .         Reflect  .   (helmet restricted)
rElec    .         Harm     .   r - scarf {+Inv}
rCorr    .         Rampage  .   (no gloves)
Will     .....                  (no boots)
Stlth    ..........             (no amulet)
HPRegen  0.21/turn              (no ring)
MPRegen  0.10/turn              (no ring)

@: no status effects
A: retaliatory headbutt, horns 2
a: Renounce Religion, Evoke Invisibility, Request Jelly


You were on level 3 of the Dungeon.
You worshipped Jiyva.
Jiyva was pleased with you.
You visited 1 branch of the dungeon, and saw 4 of its levels.
You also visited: Sewer.

You collected 275 gold pieces.

Inventory:

Hand Weapons
 a - a +1 war axe (weapon)
Missiles
 m - 2 throwing nets (quivered)
 n - 4 curare-tipped darts
Armour
 b - a +0 scale mail (worn)
 c - a +0 tower shield (worn)
 r - a scarf of invisibility (worn)
Jewellery
 t - an uncursed ring of fire
Scrolls
 f - a scroll of enchant weapon
 g - a scroll of immolation
 h - a scroll of amnesia {unknown}
 i - 4 scrolls of blinking {unknown}
 j - 2 scrolls of remove curse
 u - a scroll of magic mapping
 w - a scroll of enchant armour {unknown}
Potions
 d - a potion of might
 e - 4 potions of heal wounds {unknown}
 k - 2 potions of flight {unknown}
 l - a potion of cancellation {unknown}
 o - 2 potions of attraction {unknown}
 p - 2 potions of curing {unknown}
 q - a potion of degeneration {unknown}
 s - a potion of haste {unknown}
 v - a potion of lignification {unknown}


   Skills:
 + Level 4.9 Fighting
 + Level 8.2 Axes
 + Level 6.1 Armour
 + Level 1.6 Dodging
 + Level 0.9 Stealth
 + Level 6.1 Shields


You had 7 spell levels left.
You didn't know any spells.
Your spell library was empty.

Dungeon Overview and Level Annotations

Branches:
Dungeon (4/15)              Sewer (visited)
 Temple: D:4-7

Altars:
Ru
Sif Muna
Vehumet
The Shining One
Jiyva


Innate Abilities, Weirdness & Mutations

You reflexively headbutt those who attack you in melee.
You have a pair of horns on your head.


Message History

Key pressed, stopping explore.
Found a radiant altar of Vehumet.
No target in view!
Really walk into a travel-excluded area? [Y]es or [N]o only, please.
Really walk into a travel-excluded area? [Y]es or [N]o only, please.
Really walk into a travel-excluded area? [Y]es or [N]o only, please.
Really walk into a travel-excluded area? [Y]es or [N]o only, please.
Really walk into a travel-excluded area? [Y]es or [N]o only, please.
Really walk into a travel-excluded area? [Y]es or [N]o only, please.
Really walk into a travel-excluded area? [Y]es or [N]o only, please.
Really walk into a travel-excluded area?
Okay, then.
Are you sure you want to abandon this character and quit the game? (Confirm with "yes".)

#.....#.##..>.#.#
#.....#.....###..
####..J..#####.#####
##....J#.....##..##
##.............##..###
##..........8....##..#.
##..........8_8...###...
#....○.......8....###...
#.§....@...............#
#.☼_..............#....#
#.☼.☼............##.####
#.☼.☼.....#.....##..# #
###....##########..#####
##### #........
######### # #


You could see 2 neutral jellies (fellow slime).

Vanquished Creatures
  Grinder (D:3)
  Menkaure (D:4)
  An ogre (D:4)
  2 bullfrogs (Sewer)
  A bullfrog zombie (D:4)
  A hound (D:4)
  2 orc priests (D:4)
  A centaur skeleton (D:4)
  2 orc wizards (D:4)
  Jessica (D:2)
  Natasha (twice) (D:2)
  2 worker ants (D:4)
  4 gnolls (D:2)
  10 adders
  2 river rats (D:4)
  A worm (D:4)
  3 dart slugs
  6 leopard geckos
  6 orcs
  5 giant cockroaches
  15 hobgoblins
  4 jackals (D:3)
  5 quokkas
  4 ball pythons (Sewer)
  8 bats
  13 frilled lizards
  4 goblins
  A jackal skeleton (D:4)
  7 kobolds
  7 rats
122 creatures vanquished.

Vanquished Creatures (others)
  5 jellies (D:3)
  2 goblins (D:3)
  5 toadstools (D:1)
12 creatures vanquished.

Grand Total: 134 creatures vanquished

Notes
Turn   | Place    | Note
-------+----------+-------------------------------------------
     0 | D:1      | mhtbhm the Minotaur Fighter began the quest for the Orb.
     0 | D:1      | Reached XP level 1. HP: 19/19 MP: 0/0
     3 | D:1      | Noticed an electric eel
     3 | D:1      | Noticed an electric eel
   184 | D:1      | Reached XP level 2. HP: 27/27 MP: 1/1
   467 | D:1      | Reached XP level 3. HP: 33/33 MP: 2/2
   946 | D:2      | Reached skill level 3 in Axes
   980 | D:2      | Noticed Jessica
   985 | D:2      | Killed Jessica
  1024 | D:2      | Reached XP level 4. HP: 39/40 MP: 3/3
  1177 | D:2      | Reached skill level 1 in Dodging
  1198 | D:2      | Reached skill level 4 in Axes
  1466 | D:2      | Noticed Natasha
  1474 | D:2      | Killed Natasha
  1475 | D:2      | Reached XP level 5. HP: 36/46 MP: 4/4
  1679 | D:2      | Noticed Natasha
  1685 | D:2      | Killed Natasha
  1940 | D:2      | You fall into a shaft and drop 2 floors!
  1952 | D:4      | Found a glowing golden altar of the Shining One.
  1959 | D:4      | Reached skill level 5 in Axes
  1988 | D:4      | Reached skill level 5 in Shields
  1988 | D:4      | Reached XP level 6. HP: 48/52 MP: 5/5
  2116 | D:4      | Found a glowing drain.
  2122 | D:4      | Reached skill level 6 in Axes
  2182 | Sewer    | Entered a sewer
  2591 | Sewer    | Reached skill level 5 in Armour
  2807 | Sewer    | Reached XP level 7. HP: 39/60 MP: 6/6
  3182 | D:4      | Reached skill level 7 in Axes
  3596 | D:4      | Found a sacrificial altar of Ru.
  3627 | D:4      | Noticed Menkaure
  3635 | D:4      | Killed Menkaure
  3904 | D:4      | Found a shimmering blue altar of Sif Muna.
  4253 | D:3      | Found a faded altar of an unknown god.
  4299 | D:3      | Became a worshipper of Jiyva Jenu the Shapeless
  4299 | D:3      | Reached * piety under Jiyva
  4428 | D:3      | Reached ** piety under Jiyva
  4451 | D:3      | Noticed Grinder
  4459 | D:3      | Killed Grinder
  4460 | D:3      | Reached skill level 8 in Axes
  4460 | D:3      | Reached XP level 8. HP: 62/67 MP: 7/7
  4804 | D:3      | Found a radiant altar of Vehumet.
  4810 | D:3      | Quit the game

Illustrated notes

Levels and vault maps discovered:
D:1:      arrival_aquarium_b, layout_loops_ring, minmay_gold_behind_fungi
D:2:      layout_loops_corners, uniq_natasha, uniq_jessica
D:3:      layout_rooms, fiery_altar_vehumet, chequers_ecumenical_altar_simple,
          uniq_grinder
D:4:      layout_loops_ring, general_overflow_altar, old_standard_altar,
          portal_sewer_entry_b, nicolae_ru_the_path_less_chosen, uniq_menkaure

Skill      XL: |  1  2  3  4  5  6  7 |
---------------+----------------------+-----
Armour         | 4 5 6 |  6.1
Shields        | 4 5 6 |  6.1
Fighting       | 4 |  4.9
Axes           | 3 4 5 6 8 |  8.2
Dodging        | 1 |  1.6
Stealth        | |  0.9

Action                   |  1- 3 |  4- 6 |  7- 9 || total
-------------------------+-------+-------+-------++-------
Melee: War axe           |    77 |   153 |    73 ||   303
       Headbutt          |    13 |    16 |    13 ||    42
  Use: Scroll            |       |     6 |       ||     6
Armor: Scale mail        |    37 |    56 |    26 ||   119
Dodge: Dodged            |    13 |    45 |    20 ||    78
Block: Kite shield       |    43 |   106 |    22 ||   171
       Tower shield      |       |       |    13 ||    13

Table legend: (Time is in decaauts)
 A = Elapsed time spent in this place.
 B = Non-inter-level travel time spent in this place.
 C = Inter-level travel time spent in this place.
 D = Time resting spent in this place.
 E = Time spent auto-exploring this place.
 F = Levels seen in this place.
 G = Mean time per level.
                   A        B        C        D        E       F      G
               +--------+--------+--------+--------+--------+-----+--------+
         Total |   5006 |   4992 |     14 |    517 |   3458 |   5 | 1001.2 |
       Dungeon |   3969 |   3955 |     14 |    337 |   2767 |   4 |  992.2 |
         Sewer |   1037 |   1037 |      0 |    180 |    690 |   1 | 1037.0 |
               +--------+--------+--------+--------+--------+-----+--------+

Top non-repeatable levels by time:
     D:4: 1374 daAuts
     D:2: 1142 daAuts
   Sewer: 1037 daAuts
     D:1: 863 daAuts
     D:3: 589 daAuts
